 Dungeon Crawl Stone Soup version 0.30-a0-777-ga9a30cbeda (webtiles) character file.

Game seed: 3476201058124205160

56506 arthad the Convoker (level 14, -2/66 HPs)
             Began as a Felid Summoner on Feb 15, 2023.
             Was an Initiate of Gozag.
             Shot with an arrow by a satyr (31 damage)
             ... on level 3 of the Shoals.
             The game lasted 02:17:26 (30927 turns).

arthad the Convoker (Felid Summoner)               Turns: 30927, Time: 02:17:26

Health: -2/66      AC:  3    Str:  4    XL:     14   Next: 42%
Magic:  10/31      EV: 30    Int: 29    God:    Gozag
Gold:   1916       SH:  0    Dex: 23    Spells: 6/37 levels left
                                        Lives:  0   Deaths: 3

rFire   . . .      SeeInvis +      - Unarmed
rCold   + . .      Faith    .    (shield unavailable)
rNeg    . . .      Spirit   .    (body armour unavailable)
rPois   .          Reflect  .    (helmet unavailable)
rElec   .          Harm     .    (cloak unavailable)
rCorr   .          Rampage  .    (gloves unavailable)
Will    ++...                    (boots unavailable)
Stlth   +++                      V - amulet "Boergh" {RegenMP Int+5}
HPRegen 0.31/turn                y - +6 ring of dexterity
MPRegen 0.62/turn                o - ring of wizardry

@: forested, quick
A: very small, claws 1, fangs 3, see invisible, speed 1, shaggy fur 3, stealthy
paws, no weapons or thrown items, no armour, multi-lived
a: Renounce Religion, Potion Petition, Call Merchant, Bribe Branch


You were on level 3 of the Shoals.
You worshipped Gozag.
Gozag was most pleased with you.
You visited 5 branches of the dungeon, and saw 26 of its levels.
You also visited: Sewer and Bailey.

You collected 8327 gold pieces.
You spent 1393 gold pieces at shops.
You paid 5018 gold pieces to Gozag.

Inventory:

Armour
 A - the +2 robe of Xiobbas {Rampage Will- SInv Stlth+}
   (You found it on level 9 of the Dungeon)

   SInv:      It lets you see invisible.
   Rampage:   It bestows one free step when moving towards enemies.
   Will:      It decreases your willpower.
   Stlth:     It makes you more stealthy.
 I - the +4 pair of boots "Hautoec" {Dex+2}
   (You found it in a bailey)

   Dex:       It affects your dexterity (+2).
 W - the +10 plate armour of Uzirul {rPois Int+3 Slay-6}
   (You found it on level 4 of the Lair of Beasts)

   Int:       It affects your intelligence (+3).
   Slay:      It affects your accuracy & damage with ranged weapons and melee
   (-6).
   rPois:     It protects you from poison.
Jewellery
 m - a ring of positive energy
 o - a ring of wizardry (right paw)
 y - a +6 ring of dexterity (left paw)
 D - an amulet of guardian spirit
 K - an amulet of faith
 M - an amulet of regeneration
 P - a ring of resist corrosion
 S - a +4 ring of slaying
 T - a ring of willpower
 V - the amulet "Boergh" (around neck) {RegenMP Int+5}
   (You bought it in a shop on level 3 of the Lair of Beasts)

   [amulet of magic regeneration]

   It increases your rate of magic regeneration.
   Int:       It affects your intelligence (+5).
 Y - a ring of poison resistance
 Z - a +4 ring of slaying
Wands
 b - a wand of quicksilver (13)
 q - a wand of charming (9)
 B - a wand of flame (43)
 C - a wand of roots (8)
 J - a wand of mindburst (23)
 X - a wand of polymorph (4)
Scrolls
 a - a scroll of torment
 f - 2 scrolls of poison
 g - a scroll of fear
 k - 14 scrolls of teleportation
 l - 10 scrolls of vulnerability
 t - 8 scrolls of noise
 u - 2 scrolls of immolation
 x - 7 scrolls of enchant armour
 E - 5 scrolls of enchant weapon
 F - 3 scrolls of blinking
 G - 3 scrolls of butterflies
 N - 2 scrolls of fog
 O - 4 scrolls of magic mapping
 R - 2 scrolls of amnesia
Potions
 c - a potion of brilliance
 d - 4 potions of ambrosia
 e - a potion of invisibility
 h - 4 potions of mutation
 j - 2 potions of cancellation
 n - 9 potions of curing
 p - a potion of might
 r - 3 potions of attraction
 s - 7 potions of flight
 v - a potion of heal wounds
 w - 6 potions of lignification {unknown}
 z - 4 potions of degeneration {unknown}
 H - 2 potions of haste
 L - 4 potions of berserk rage {unknown}
 Q - a potion of resistance
Miscellaneous
 U - a phial of floods


   Skills:
 + Level 10.2 Fighting
 + Level 13.3 Dodging
 - Level 2.6 Stealth
 + Level 10.2 Unarmed Combat
 - Level 12.0 Spellcasting
 + Level 9.9 Hexes
 * Level 15.1 Summonings
 + Level 8.3 Translocations
 + Level 1.1 Transmutations
 + Level 10.1 Air Magic
 - Level 6.0 Evocations


You had 6 spell levels left.
You knew the following spells:

 Your Spells              Type           Power      Damage    Failure   Level
a - Summon Mana Viper     Hex/Summ       74%        N/A       1%          5
b - Summon Forest         Summ/Tloc      35%        N/A       1%          5
c - Call Canine Familiar  Summ           81%        N/A       0%          3
d - Summon Guardian Gole  Hex/Summ       74%        N/A       1%          3
e - Summon Lightning Spi  Summ/Air       74%        N/A       1%          4
f - Tukima's Dance        Hex            66%        N/A       1%          3
g - Summon Cactus Giant   Summ           40%        N/A       1%          6
h - Blink                 Tloc           100%       N/A       1%          2

Your spell library contained the following spells:

 Spells                   Type           Power      Damage    Failure   Level
 Summon Small Mammal      Summ           100%       N/A       0%          1
 Call Imp                 Summ           81%        N/A       0%          2
 Foxfire                  Conj/Fire      68%        2x1d7     1%          1
 Magic Dart               Conj           68%        1d6       1%          1
 Necrotise                Necr           68%        1d7       1%          1
 Shock                    Conj/Air       100%       1d9       1%          1
 Slow                     Hex            100%       N/A       1%          1
 Ensorcelled Hibernation  Hex/Ice        92%        N/A       1%          2
 Lesser Beckoning         Tloc           100%       N/A       1%          2
 Momentum Strike          Conj/Tloc      82%        3d10      1%          2
 Passwall                 Tmut/Erth      16%        N/A       1%          2
 Scorch                   Fire           34%        2d7       1%          2
 Searing Ray              Conj           34%        2d5       1%          2
 Static Discharge         Conj/Air       92%        2-6/arc   1%          2
 Sublimation of Blood     Necr           17%        N/A       1%          2
 Confusing Touch          Hex            66%        N/A       1%          3
 Inner Flame              Hex/Fire       46%        N/A       1%          3
 Swiftness                Air            66%        N/A       1%          3
 Vhi's Electric Charge    Tloc/Air       100%       N/A       1%          3
 Airstrike                Air            33%        2d(5-21)  1%          4
 Cause Fear               Hex            33%        N/A       1%          4
 Fulminant Prism          Conj/Hex       23%        3d12      1%          4
 Stone Arrow              Conj/Erth      34%        3d9       3%          3
 Vampiric Draining        Necr           17%        2d7       3%          3
 Arcjolt                  Conj/Air       23%        1d33      4%          5
 Lightning Bolt           Conj/Air       23%        1d38      4%          5
 Petrify                  Tmut/Erth      20%        N/A       10%         4
 Flame Wave               Conj/Fire      17%        2d7       12%         4
 Blade Hands              Tmut           12%        N/A       21%         5
 Irradiate                Conj/Tmut      10%        3d15      26%         5
 Agony                    Necr           17%        N/A       32%         5
 Fireball                 Conj/Fire      8%         3d6       32%         5
 Statue Form              Tmut/Erth      13%        N/A       78%         6
 Starburst                Conj/Fire      8%         6d4       86%         6
 Discord                  Hex            33%        N/A       77%         8
 Lehudib's Crystal Spear  Conj/Erth      8%         10d4      100%        8
 Portal Projectile        Hex/Tloc       Unusable   N/A       N/A         3
 Animate Armour           Summ/Erth      Unusable   N/A       N/A         4

Dungeon Overview and Level Annotations

Branches:
Dungeon (15/15)            Temple (1/1) D:7            Lair (5/5) D:9
 Shoals (3/4) Lair:2       Spider (0/4) Lair:3        Slime (0/5) Lair:5
    Orc (2/2) D:12            Elf (0/3) Orc:2        Vaults (0/5) D:14
  Sewer (visited)          Bailey (visited)
 Depths: D:15

Altars:
Ashenzari
Cheibriados
Dithmenos
Elyvilon
Fedhas
Gozag
Hepliaklqana
Kikubaaqudgha
Makhleb
Nemelex Xobeh
Okawaru
Qazlal
Ru
Sif Muna
Trog
Uskayaw
Vehumet
Wu Jian
Xom
Yredelemnul
Zin
The Shining One

Shops:
D:8 (*   D:9 !   Orc:2 =(?:   Lair:1 :   Lair:2 :   Lair:3 ==   Lair:5 =

Annotations:
Lair:2 2 transporters
Shoals:2 3 runed translucent doors
Shoals:3 Polyphemus


Innate Abilities, Weirdness & Mutations

You have sharp claws.
You have razor-sharp teeth.
You have supernaturally acute eyesight. (SInv)
You cover ground quickly. (Speed+)
Your thick and shaggy fur keeps you warm. (AC +3, rC+)
Your paws help you pounce on unaware monsters.
You are incapable of wielding weapons or throwing items.
You cannot wear armour.
You gain extra lives every three experience levels.


Message History

What are your orders? t - Meow!
Orders for allies: a - Attack new target. r - Retreat! s - Stop attacking. g - Guard the area. f - Follow me.
Anything else - Cancel.
Gang up on whom?
Press: ? - help, Dir - move target, f - satyr
Aim: a satyr, wielding a +0 longbow Attack!
The trees move their gnarly branches around.
The catoblepas is struck by your cactus giant's spines.
The catoblepas gores your cactus giant!!
Flame seeps out of your guardian golem.
A merfolk comes into view. It is wielding a +0 trident.
The satyr shoots an arrow.
The arrow hits your guardian golem!!
Your guardian golem disappears in a puff of smoke!
Your guardian golem explodes!
The fiery explosion engulfs the catoblepas!!
A faun comes into view. It is wielding a +0 sling.
Your warg bites the catoblepas.
Your cactus giant hits the catoblepas with a +0 giant spiked club.
Something shouts, "Attack, my pets!
Attack!"
You hear a bellow!
You hear a shout!
Unknown command.
Unknown command.
Unknown command.
Unknown command.
Unknown command.
You feel better.
You hear a shout!
The catoblepas is engulfed in blazing flames.
The catoblepas breathes a plume of calcifying dust at you.
The blast of calcifying dust hits your cactus giant!
The blast of calcifying dust hits you.
Polyphemus the Watchful Shepherd comes into view.
The faun shoots a sling bullet.
The sling bullet hits your dryad.
The satyr shoots an arrow.
The arrow hits you!!
You die...
Your body crumbles into a pile of gold.

.~~~....~~...#...# .~~
~~~~....~.....~~~#
~~~..~...~..###~~♣
~~~.~~~......♣♣~~♣
≈~~~~~~..~..♣#.~~♣
≈≈≈~~~~~~~~.....~#
≈≈≈≈≈≈~~~~......~# ~
~≈≈≈≈≈≈≈≈~~......♣#♣../.
~~≈≈≈≈≈≈≈~......@.8)....
$
~~≈≈≈≈≈≈≈~~....§........
.~≈≈≈≈≈≈≈~~~~hC.........
..~≈≈≈≈≈≈≈≈~~YS§R~......
~..≈≈≈≈≈≈≈≈≈~§○♣♣~......
~~~~≈≈≈ ≈≈≈≈~§§##.....♣♣
~~~≈≈≈≈ ≈~m.c♣ .......
~~≈≈≈≈≈ ≈~..C~ c.♣#♣..
~≈≈≈≈≈≈


You could see Polyphemus, a satyr (ally target), a merfolk, a faun, a friendly
dryad (summoned), a friendly mana viper (summoned), a friendly cactus giant
(summoned), a friendly warg (summoned) and a friendly lightning spire
(summoned).

Vanquished Creatures
  A rakshasa (D:13)
  A boulder beetle (D:11)
  A skyshark (Shoals:2)
  A deep troll (Orc:2)
  Joseph (D:7)
  A komodo dragon (Lair:2)
  A raiju (shapeshifter) (D:13)
  A blink frog (Lair:1)
  A steam dragon (Lair:2)
  A water moccasin (Lair:5)
  An orc warrior (Orc:2)
  A sky beast (D:6)
  An ogre (Orc:2)
  A wolf (D:11)
  A centaur (D:8)
  A bullfrog (Lair:3)
  A nameless horror (Lair:1)
  A howler monkey (D:8)
  7 electric eels
  An iguana (D:5)
  An ufetubus (D:7)
  2 orcs
  2 bats (D:1)
  An endoplasm (D:3)
  A giant cockroach (D:4)
  A goblin (D:1)
  2 kobolds
  2 frilled lizards
  2 rats (Sewer)
40 creatures vanquished.

Vanquished Creatures (collateral kills)
  Nikola (Shoals:1)
  Rupert (Lair:5)
  Roxanne (Shoals:1)
  Louise (Shoals:1)
  An orc warlord (Orc:2)
  A merfolk javelineer (Shoals:1)
  2 merfolk impalers (Shoals:1)
  An ettin (Orc:1)
  Josephine (Shoals:1)
  2 fire dragons
  A vault guard (D:14)
  3 hydras
  5 merfolk aquamancers
  3 boulder beetles
  An ogre mage (Orc:2)
  4 centaur warriors
  10 two-headed ogres
  9 death yaks
  An orc high priest (Orc:2)
  3 sea snakes
  A deep troll (Orc:2)
  A lindwurm (Lair:5)
  4 skysharks
  An oklob plant (Lair:5)
  5 harpies
  2 deep elf pyromancers
  2 orc knights
  4 manticores
  A salamander (shapeshifter) (D:13)
  2 orc sorcerers
  5 merfolk sirens
  4 fauns
  6 elephants
  6 cyclopes
  7 black mambas
  2 molten gargoyles (Lair:5)
  2 water nymphs (Shoals:1)
  An unseen horror (D:12)
  A gargoyle (D:13)
  Psyche (D:12)
  2 rime drakes
  4 cane toads
  6 komodo dragons
  An efreet (D:14)
  15 trolls
  A polar bear (Lair:2)
  14 merfolk
  2 meliai (D:13)
  A polar bear (shapeshifter) (D:13)
  14 blink frogs
  4 snapping turtles
  3 wind drakes
  14 dream sheep
  9 water elementals
  6 slime creatures
  2 shadows
  4 wyverns
  3 vampires
  6 wraiths
  50 yaks
  A human (shapeshifter) (D:13)
  Grum (D:11)
  10 basilisks
  2 steam dragons
  2 wargs
  Duvessa (D:7)
  13 water moccasins
  2 acid dragons
  A nameless horror (Lair:3)
  2 hell hounds (Lair:5)
  15 orc warriors
  An ice beast (D:7)
  2 black bears
  5 centaurs (D:13)
  21 ogres
  A phantom (D:4)
  2 wolves (D:11)
  2 kobold brigands
  A necrophage (D:6)
  7 bullfrogs
  2 scorpions (D:5)
  3 wights (D:8)
  Dowan (D:7)
  7 killer bees (D:7)
  8 howler monkeys
  4 lava snakes (Lair:5)
  3 hounds
  5 jellies
  2 gnoll boudas
  14 orc priests
  2 iguanas
  18 orc wizards
  11 adders
  4 gnolls (D:6)
  4 river rats
  A shadow imp (D:6)
  2 white imps
  An ufetubus (D:6)
  2 worms (D:2)
  4 dart slugs
  78 orcs
  8 ball pythons
  3 bats (D:2)
  10 endoplasms
  A giant cockroach (D:5)
  9 goblins
  3 hobgoblins
  2 quokkas
  5 frilled lizards (Sewer)
  13 kobolds
  13 rats
  A spectral kobold (D:12)
607 creatures vanquished.

Vanquished Creatures (others)
  Ilsuiw (Shoals:3)
  A slime creature (D:14)
  Snorg (D:13)
  An ogre mage (Orc:2)
  3 hydras
  4 two-headed ogres
  5 death yaks
  Nergalle (D:10)
  A skeletal warrior (D:14)
  Lodul (D:11)
  2 harpies (Lair:2)
  2 orc knights
  2 cyclopes (D:14)
  4 elephants
  2 gargoyles
  A meliai (D:13)
  2 merfolk
  2 trolls
  A hornet (D:8)
  7 yaks
  A basilisk (Lair:3)
  A wyvern (Lair:2)
  A steam dragon (D:8)
  5 dancing weapons
  A water moccasin (Lair:2)
  A hell hound (Lair:5)
  2 orc warriors
  3 centaurs
  7 ogres
  A scorpion (D:6)
  2 killer bees (D:7)
  A hound (D:4)
  A river rat (D:5)
  A bush (Lair:5)
  13 fungi
  59 plants
  12 snaplasher vines
156 creatures vanquished.

Grand Total: 803 creatures vanquished

Notes
Turn   | Place    | Note
-------+----------+-------------------------------------------
     0 | D:1      | arthad the Felid Summoner began the quest for the Orb.
     0 | D:1      | Reached XP level 1. HP: 7/7 MP: 4/4
   330 | D:1      | Reached XP level 2. HP: 11/11 MP: 3/6
   459 | D:1      | Learned a level 2 spell: Call Imp
  1442 | D:2      | Reached skill level 5 in Summonings
  1442 | D:2      | Reached XP level 3. HP: 14/14 MP: 3/7
  2081 | D:3      | Learned a level 3 spell: Call Canine Familiar
  2343 | D:3      | Found a glowing golden altar of the Shining One.
  2566 | D:3      | Found a faded altar of an unknown god.
  2802 | D:3      | Reached XP level 4. HP: 18/18 MP: 0/8
  3011 | D:4      | Noticed an ogre
  3025 | D:4      | Killed an ogre
  3026 | D:4      | Reached XP level 5. HP: 21/21 MP: 2/9
  3030 | D:4      | Learned a level 3 spell: Summon Guardian Golem
  3425 | D:4      | Reached skill level 1 in Fighting
  3425 | D:4      | Reached skill level 1 in Unarmed Combat
  3438 | D:4      | Noticed a phantom
  3469 | D:4      | Killed a phantom
  3470 | D:4      | Reached skill level 1 in Air Magic
  3470 | D:4      | Gained mutation: You are covered in thick fur. (AC +2)
                  | [Felid growth]
  3470 | D:4      | Reached XP level 6. HP: 17/25 MP: 2/11
  4066 | D:4      | Found a shimmering blue altar of Sif Muna.
  4267 | D:5      | Entered Level 5 of the Dungeon
  4301 | D:5      | Found a burning altar of Makhleb.
  4404 | D:5      | Reached skill level 6 in Summonings
  4656 | D:5      | Found a glowing drain.
  4681 | Sewer    | Entered a sewer
  4740 | Sewer    | Reached XP level 7. HP: 28/28 MP: 6/12
  6289 | D:5      | Killed from afar by an orc priest
  6290 | D:5      | Reached XP level 6. HP: -6/26 MP: 5/12
  6702 | D:6      | Noticed a sky beast
  6708 | D:6      | Killed a sky beast
  6725 | D:6      | Reached XP level 7. HP: 27/30 MP: 0/13
  6826 | D:6      | Learned a level 4 spell: Summon Lightning Spire
  6959 | D:6      | Reached skill level 5 in Hexes
  7351 | D:6      | Reached XP level 8. HP: 34/34 MP: 6/15
  8034 | D:7      | Found a shadowy altar of Dithmenos.
  8178 | D:7      | Noticed Joseph
  8184 | D:7      | Reached skill level 7 in Summonings
  8188 | D:7      | Reached skill level 5 in Dodging
  8205 | D:7      | Killed Joseph
  8206 | D:7      | Reached skill level 5 in Spellcasting
  8348 | D:7      | Found a staircase to the Ecumenical Temple.
  8348 | D:7      | Noticed Duvessa
  8348 | D:7      | Noticed Dowan
  8364 | D:7      | Killed Duvessa
  8365 | D:7      | Reached XP level 9. HP: 38/38 MP: 1/17
  8368 | D:7      | Killed Dowan
  8817 | D:7      | Found an iron altar of Okawaru.
  8829 | D:7      | Reached skill level 8 in Summonings
  8833 | D:7      | Learned a level 3 spell: Tukima's Dance
  8931 | D:7      | Found an ancient bone altar of Kikubaaqudgha.
  9210 | Temple   | Entered the Ecumenical Temple
  9217 | Temple   | Became a worshipper of Gozag Ym Sagoz the Greedy
  9272 | D:8      | Reached skill level 5 in Air Magic
  9877 | D:8      | Found Wuysuyl's Weapon Emporium.
  9879 | D:8      | Found Nyptoqat's Assorted Antiques.
  9893 | D:8      | Bought a black potion for 27 gold pieces
  9893 | D:8      | Bought a fuming emerald potion for 27 gold pieces
  9893 | D:8      | Bought a scroll labelled XIALIO AFFIX for 30 gold pieces
  9893 | D:8      | Bought a scroll labelled LUPRUCW LIONU for 30 gold pieces
  9907 | D:8      | Noticed a +0 spear
  9907 | D:8      | Noticed a +0 short sword
  9908 | D:8      | Noticed a +0 dagger
  9908 | D:8      | Noticed a +0 falchion
  9908 | D:8      | Noticed a +0 falchion
  9909 | D:8      | Noticed a +0 short sword
  9909 | D:8      | Noticed a +0 dagger
  9911 | D:8      | Noticed a +0 spear
  9999 | D:8      | Found a sparkling altar of Nemelex Xobeh.
 10049 | D:8      | Found a white marble altar of Elyvilon.
 10359 | D:8      | Found a hide-covered altar of Uskayaw.
 10444 | D:9      | Reached XP level 10. HP: 43/43 MP: 8/20
 10450 | D:9      | Reached skill level 1 in Evocations
 10472 | D:9      | Identified the +2 robe of Xiobbas {Rampage Will- SInv
                  | Stlth+}
 10492 | D:9      | Found a flagged portal.
 10574 | Bailey   | Entered a bailey
 10775 | Bailey   | Noticed an orc knight
 10969 | Bailey   | Killed an orc knight
 11155 | Bailey   | Identified the +4 pair of boots "Hautoec" {Dex+2}
 11468 | D:9      | Reached skill level 9 in Summonings
 11701 | D:9      | Found a radiant altar of Vehumet.
 11790 | D:9      | Reached skill level 5 in Unarmed Combat
 12114 | D:9      | Found Reruc's Distillery.
 12117 | D:9      | Bought a potion of heal wounds for 75 gold pieces
 12117 | D:9      | Bought a potion of heal wounds for 75 gold pieces
 12117 | D:9      | Bought a potion of curing for 45 gold pieces
 12160 | D:10     | Entered Level 10 of the Dungeon
 12163 | D:10     | Noticed a two-headed ogre
 12177 | D:10     | Killed a two-headed ogre
 12177 | D:10     | Noticed Nergalle
 12178 | D:10     | Reached skill level 5 in Fighting
 12189 | D:10     | Killed Nergalle
 12326 | D:10     | Reached XP level 11. HP: 48/48 MP: 10/22
 12342 | D:10     | Noticed a deep elf pyromancer
 12356 | D:10     | Killed a deep elf pyromancer
 12597 | D:10     | Found a snail-covered altar of Cheibriados.
 12702 | D:10     | Found a stormy altar of Qazlal.
 12955 | D:11     | Noticed Lodul
 12962 | D:11     | Killed Lodul
 12974 | D:11     | Noticed a boulder beetle
 12987 | D:11     | Killed a boulder beetle
 12995 | D:11     | Learned a level 6 spell: Summon Cactus Giant
 13239 | D:11     | Noticed Grum
 13241 | D:11     | Noticed a two-headed ogre
 13251 | D:11     | Killed a two-headed ogre
 13258 | D:11     | Killed Grum
 13274 | D:11     | Reached skill level 10 in Summonings
 13761 | D:11     | Noticed a two-headed ogre
 13773 | D:11     | Killed a two-headed ogre
 14024 | D:12     | Noticed a boulder beetle
 14091 | D:12     | Noticed Psyche
 14103 | D:12     | Killed Psyche
 14749 | D:12     | Gained mutation: Your thick and shaggy fur keeps you warm.
                  | (AC +3, rC+) [Felid growth]
 14749 | D:12     | Reached XP level 12. HP: 52/52 MP: 3/25
 15109 | D:12     | Found a staircase to the Orcish Mines.
 15157 | D:12     | Found a hazy altar of Hepliaklqana.
 15322 | D:12     | Killed a boulder beetle
 15721 | D:13     | Noticed Snorg
 15770 | D:13     | Killed Snorg
 15791 | D:13     | Reached skill level 5 in Evocations
 16024 | D:13     | Noticed a rakshasa
 16040 | D:13     | Killed a rakshasa
 16159 | D:13     | Noticed a centaur warrior
 16169 | D:13     | Killed a centaur warrior
 16463 | D:13     | Reached skill level 11 in Summonings
 16484 | D:13     | Noticed a centaur warrior
 16652 | D:13     | Noticed a two-headed ogre
 16660 | D:13     | Killed a two-headed ogre
 17355 | D:14     | Noticed a six-headed hydra
 17357 | D:14     | Noticed a fire dragon
 17370 | D:14     | Killed a six-headed hydra
 17377 | D:14     | Noticed an eight-headed hydra
 17377 | D:14     | Killed a fire dragon
 17387 | D:14     | Killed an eight-headed hydra
 17858 | D:14     | Noticed a two-headed ogre
 17865 | D:14     | Killed a two-headed ogre
 17866 | D:14     | Reached XP level 13. HP: 57/57 MP: 11/27
 18488 | D:14     | Found a gate to the Vaults.
 18813 | D:15     | Entered Level 15 of the Dungeon
 18854 | D:15     | Reached skill level 10 in Dodging
 19119 | D:9      | Found a staircase to the Lair.
 19136 | Lair:1   | Entered Level 1 of the Lair of Beasts
 19725 | Lair:1   | Reached skill level 10 in Spellcasting
 20429 | Lair:2   | Reached skill level 12 in Summonings
 21335 | Lair:2   | Reached skill level 10 in Air Magic
 21456 | Lair:2   | Found a staircase to the Shoals.
 21456 | Lair:2   | Found a transporter.
 21502 | Lair:2   | Found a transporter.
 21954 | Lair:3   | Found a hole to the Spider Nest.
 22482 | Lair:3   | Reached XP level 14. HP: 63/63 MP: 17/29
 23450 | Lair:3   | Bought the amulet "Boergh" {RegenMP Int+5} for 760 gold
                  | pieces
 23549 | Lair:4   | Learned a level 5 spell: Summon Mana Viper
 23555 | Lair:4   | Learned a level 5 spell: Summon Forest
 23776 | Lair:4   | Reached skill level 1 in Translocations
 23931 | Lair:4   | Reached skill level 13 in Summonings
 23964 | Lair:4   | Identified the +10 plate armour of Uzirul {rPois Int+3
                  | Slay-6}
 24320 | Lair:5   | Entered Level 5 of the Lair of Beasts
 24360 | Lair:5   | Found a staircase to the Slime Pits.
 24783 | Lair:5   | Noticed Rupert
 24795 | Lair:5   | Killed Rupert
 25127 | Lair:5   | Found a large runed translucent door.
 25128 | Lair:5   | Found a large runed translucent door.
 25723 | Lair:5   | Reached XP level 15. HP: 48/67 MP: 12/31
 26490 | Orc:1    | Entered Level 1 of the Orcish Mines
 26771 | Orc:2    | Entered Level 2 of the Orcish Mines
 26788 | Orc:2    | Reached skill level 5 in Translocations
 27082 | Orc:2    | Reached skill level 14 in Summonings
 27292 | Orc:2    | Found Iskahim's Magic Scroll Emporium.
 27295 | Orc:2    | Found Nusinn's Book Shoppe.
 27296 | Orc:2    | Found Jietedog's Weapon Shop.
 27303 | Orc:2    | Found a staircase to the Elven Halls.
 27307 | Orc:2    | Found Coitar's Jewellery Shoppe.
 28240 | Shoals:1 | Entered Level 1 of the Shoals
 28254 | Lair:2   | Bought a book of Spatial Translocations for 324 gold pieces
 28257 | Lair:2   | Learned a level 2 spell: Blink
 28304 | Shoals:1 | HP: 3/68 [faun/sling bullet (22)]
 28454 | Shoals:1 | Noticed Josephine
 28473 | Shoals:1 | Killed Josephine
 28623 | Shoals:1 | Noticed Louise
 28641 | Shoals:1 | Killed Louise
 28765 | Shoals:1 | Identified Roxanne's Lectures on Topography
 28765 | Shoals:1 | Noticed Roxanne
 28803 | Shoals:1 | Killed Roxanne
 28829 | Shoals:1 | Noticed Nikola
 28849 | Shoals:1 | Killed Nikola
 29021 | Shoals:1 | Hit by a silver javelin thrown by a merfolk javelineer
 29022 | Shoals:1 | Reached XP level 14. HP: 0/65 MP: 13/31
 29057 | Shoals:1 | Reached skill level 10 in Fighting
 29057 | Shoals:1 | Reached skill level 10 in Unarmed Combat
 29224 | Shoals:1 | Killed from afar by a water nymph
 29225 | Shoals:1 | Reached XP level 13. HP: -6/61 MP: 17/30
 29526 | Shoals:1 | Reached XP level 14. HP: 40/66 MP: 20/31
 29727 | Shoals:2 | Found a runed translucent gate.
 29727 | Shoals:2 | Found a runed translucent gate.
 29727 | Shoals:2 | Found a runed translucent gate.
 29749 | Shoals:2 | Noticed a frost giant
 30132 | Shoals:2 | Reached skill level 15 in Summonings
 30733 | Shoals:3 | Noticed Ilsuiw
 30755 | Shoals:3 | Reached skill level 1 in Transmutations
 30758 | Shoals:3 | Killed Ilsuiw
 30927 | Shoals:3 | Noticed Polyphemus
 30927 | Shoals:3 | Shot with an arrow by a satyr

Illustrated notes

Levels and vault maps discovered:
D:1:      heliophobic_arrival_battle_scene, layout_rooms
D:2:      layout_loops_corners
D:3:      layout_basic, old_standard_altar, dreamdust_ecumenical_altar_statues
D:4:      layout_loops_ring, lemuel_doored_altar, minmay_mini_jars
D:5:      layout_layer_cave, bloody_makhleb, portal_sewer_entry_e, minivault_5,
          nicolae_concentric_dashed_squares_mild, hangedman_abyss_or_decor_stabs
D:6:      layout_loops_ring, st_stairs_3, minivault_23,
          nicolae_figureground_pulse
D:7:      layout_loops_ring, nicolae_dithmenos_the_darkroom,
          mainiacjoe_overflow_two_lobes, minmay_temple_entry_wispy,
          corexii_corridor_pit, uniq_duvessa, uniq_joseph
D:8:      layout_rooms, nicolae_uskayaw_en_pointe, nemelex_diamond_rough_becter,
          elyvilon_altar_3, serial_shops, shop, shop
D:9:      layout_basic, vehumet_altar_wand_db, lair_entry_dummy, enter_bailey_3,
          serial_shops, kennysheep_mini_moat
D:10:     layout_cave_pools, mainiacjoe_overflow_six_doors_small,
          chei_slow_surprise, uniq_nergalle
D:11:     layout_basic, uniq_grum, uniq_lodul
D:12:     layout_roguey, orc_0_dummy, nicolae_hepliaklqana_monster_ancestors,
          uniq_psyche
D:13:     layout_irregular_city, uniq_snorg
D:14:     layout_small_grid, david_vaults_5, abandoned_shop
D:15:     grunt_enter_depths_snipers, layout_rooms, serial_park_square3
          [serial_park_minivault_5x5_1]
Temple:   hellmonk_temple_micro_hex
Lair:1:   layout_regular_city, grunt_megastairs_4, serial_bayou_shore_b,
          lemuel_fruit_tree
Lair:2:   gammafunk_worm_tunnel, layout_regular_city,
          nicolae_shoals_entry_roost, dreamdust_gnoll_shepherd
Lair:3:   layout_hall_layers, spider_nest_entry_web_field
Lair:4:   layout_big_grid
Lair:5:   cheibrodos_lair_end_hotspot, layout_regular_city,
          nicolae_slime_entry_slimehenge, dpeg_oklob_1, uniq_rupert
Shoals:1: layout_shoals, nicolae_shoals_water_shrine, uniq_roxanne, uniq_louise,
          uniq_nikola, uniq_josephine
Shoals:2: layout_shoals, hellmonk_ghost_happy_afterlife,
          nicolae_shoals_beach_cooler
Shoals:3: layout_shoals, lemuel_centaur_altar, uniq_polyphemus, uniq_ilsuiw
Orc:1:    layout_caves
Orc:2:    st_orc_open, layout_caves

Skill      XL: |  1  2  3  4  5  6  7  8  9 10 11 12 13 14 15 |
---------------+----------------------------------------------+-----
Summonings     | 5 6 7 8 9 10 11 12 15 14 | 15.1
Dodging        | 3 4 5 6 7 8 9 10 11 13 | 13.3
Hexes          | 2 3 5 7 9 |  9.9
Fighting       | 1 2 3 4 5 6 7 8 10 | 10.2
Unarmed Combat | 1 2 3 4 5 6 7 8 10 | 10.2
Air Magic      | 1 3 4 5 6 7 9 10 | 10.1
Spellcasting   | 3 4 5 6 7 8 9 10 11 12 | 12.0
Evocations     | 3 4 5 6 |  6.0
Translocations | 8 7 |  8.3
Transmutations | 1 |  1.1
Stealth        | |  2.6

Action                     |  1- 3 |  4- 6 |  7- 9 | 10-12 | 13-15 || total
---------------------------+-------+-------+-------+-------+-------++-------
  Melee: Unarmed           |    13 |    12 |    21 |    21 |    44 ||   111
         Bite              |     3 |     2 |     2 |     4 |     5 ||    16
         Punch             |       |       |       |       |     1 ||     1
   Cast: Summon Small Mamm |    59 |    16 |    18 |       |       ||    93
         Call Imp          |    19 |    14 |    16 |     6 |       ||    55
         Call Canine Famil |     5 |    26 |    34 |    44 |    72 ||   181
         Summon Guardian G |       |     5 |    26 |    64 |    96 ||   191
         Summon Lightning  |       |       |    29 |    70 |   142 ||   241
         Tukima's Dance    |       |       |       |    20 |     5 ||    25
         Summon Cactus Gia |       |       |       |    24 |   103 ||   127
         Summon Mana Viper |       |       |       |       |    75 ||    75
         Summon Forest     |       |       |       |       |    36 ||    36
 Invoke: Call Merchant     |       |       |       |       |     5 ||     5
         Potion Petition   |       |       |       |       |     1 ||     1
  Evoke: Wand              |       |     1 |     8 |    17 |     5 ||    31
         Phial of floods   |       |       |       |       |     1 ||     1
    Use: Potion            |       |     1 |     1 |     6 |    14 ||    22
         Scroll            |       |     1 |     1 |    13 |     9 ||    24
   Stab: Sleeping          |     1 |       |     1 |     1 |       ||     3
         Distracted        |       |     1 |     2 |     2 |     5 ||    10
 Armour: Skin              |     2 |     3 |     1 |     1 |     2 ||     9
  Dodge: Dodged            |    18 |    33 |    34 |    87 |   162 ||   334

Table legend: (Time is in decaauts)
 A = Elapsed time spent in this place.
 B = Non-inter-level travel time spent in this place.
 C = Inter-level travel time spent in this place.
 D = Time resting spent in this place.
 E = Time spent auto-exploring this place.
 F = Levels seen in this place.
 G = Mean time per level.
                   A        B        C        D        E       F      G
               +--------+--------+--------+--------+--------+-----+--------+
         Total |  28082 |  26960 |   1122 |   1345 |  20116 |  28 | 1002.9 |
       Dungeon |  16184 |  15361 |    823 |   1179 |  11241 |  15 | 1078.9 |
        Temple |     12 |     12 |      0 |      0 |      0 |   1 |   12.0 |
          Lair |   6527 |   6281 |    246 |     13 |   5226 |   5 | 1305.4 |
        Shoals |   2551 |   2527 |     24 |     28 |   1855 |   3 |  850.3 |
  Orcish Mines |   1369 |   1343 |     26 |      0 |    986 |   2 |  684.5 |
         Sewer |    698 |    698 |      0 |     74 |    343 |   1 |  698.0 |
        Bailey |    739 |    739 |      0 |     51 |    464 |   1 |  739.0 |
               +--------+--------+--------+--------+--------+-----+--------+

Top non-repeatable levels by time:
  Lair:5: 1753 daAuts
    D:14: 1586 daAuts
  Lair:3: 1500 daAuts
     D:5: 1479 daAuts
    D:12: 1449 daAuts
    D:13: 1418 daAuts
Shoals:1: 1405 daAuts
  Lair:2: 1404 daAuts
     D:7: 1263 daAuts
     D:6: 1217 daAuts
     D:4: 1210 daAuts
     D:9: 1155 daAuts
  Lair:1: 1126 daAuts
     D:2: 1115 daAuts
    D:11: 1084 daAuts
